 Dungeon Crawl Stone Soup version 0.30.0-5-g1a98f26d00 (webtiles) character file.

Game seed: 6882115579909695093

46 sampeng1 the Trooper (level 3, -1/29 HPs)
             Began as a Human Cinder Acolyte on May 9, 2023.
             Was a High Priest of Ignis.
             Slain by a gnoll
             ... wielding a +0 spear
              (4 damage)
             ... on level 3 of the Dungeon.
             The game lasted 00:11:07 (1973 turns).

sampeng1 the Trooper (Human Cinder Acolyte)         Turns: 1973, Time: 00:11:07

Health: -1/29      AC:  4    Str: 14    XL:     3   Next: 92%
Magic:  13/14      EV: 10    Int: 16    God:    Ignis [*****.]
Gold:   58         SH:  2    Dex:  8    Spells: 3/5 levels left

rFire   + . .        a - +0 mace (flame)
rCold   . . .        k - +0 buckler
rNeg    . . .        i - +0 leather armour
rPois   .            (no helmet)
rElec   .            e - +0 cloak
rCorr   .            (no gloves)
SInv    .            (no boots)
Will    .....        (no amulet)
Stlth   +            d - ring of magical power
HPRegen 0.24/turn    (no ring)
MPRegen 0.14/turn

%: no passive effects
@: no status effects
A: no striking features
a: Renounce Religion, Fiery Armour, Foxfire Swarm, Rising Flame


You were on level 3 of the Dungeon.
You worshipped Ignis.
Ignis was extremely pleased with you.
You visited 1 branch of the dungeon, and saw 3 of its levels.

You collected 58 gold pieces.

Inventory:

Hand Weapons
 a - a +0 mace of flaming (weapon)
Armour
 b - a +0 robe
 e - a +0 cloak (worn)
 i - a +0 leather armour (worn)
 k - a +0 buckler (worn)
Jewellery
 d - a ring of magical power (left hand)
Scrolls
 c - a scroll of identify
 f - 2 scrolls of poison
 h - a scroll of brand weapon {unknown}
 j - 2 scrolls of amnesia {unknown}
 m - 3 scrolls of magic mapping
Potions
 g - a potion of curing {unknown}
 l - a potion of flight {unknown}


   Skills:
 + Level 3.4 Fighting
 + Level 3.4 Maces & Flails
 + Level 1.7 Spellcasting
 + Level 3.3 Fire Magic


You had 3 spell levels left.
You knew the following spells:

 Your Spells              Type           Power      Damage    Failure   Level
a - Scorch                Fire           24%        2d6       14%         2

Your spell library contained the following spells:

 Spells                   Type           Power      Damage    Failure   Level
 Lesser Beckoning         Tloc           2%         N/A       50%         2
 Gell's Gravitas          Tloc           1%         N/A       73%         3
 Teleport Other           Tloc           1%         N/A       73%         3


Dungeon Overview and Level Annotations

Branches:
Dungeon (3/15)

Altars:

Shops:
D:2 [[*((


Message History

A gnoll comes into view. It is wielding a +0 club.
The gnoll shouts!
Casting: Scorch (safe; 14% risk of failure)
Confirm with . or Enter, or press ? or * to list all spells.
You can't see any susceptible monsters within range! (Use Z to cast anyway.)
A gnoll comes into view. It is wielding a +0 club.
Casting: Scorch (safe; 14% risk of failure)
Confirm with . or Enter, or press ? or * to list all spells.
Flames lash the gnoll.
The gnoll is heavily wounded.
The gnoll's fire resistance burns away.
Casting: Scorch (safe; 14% risk of failure)
Confirm with . or Enter, or press ? or * to list all spells.
You don't know that spell.
Unknown command.
You completely miss the gnoll. The gnoll hits you with a +0 club.
The gnoll misses you.
You hit the gnoll. You burn the gnoll.
The gnoll is lightly wounded.
The gnoll hits you with a +0 club. The gnoll hits you but does no damage.
You hit the gnoll but do no damage.
The gnoll is lightly wounded.
The gnoll hits you with a +0 club.
The gnoll hits you from afar with a +0 spear. x2
The gnoll hits you with a +0 club.
You hit the gnoll. You burn the gnoll.
The gnoll is severely wounded.
The gnoll is no longer more vulnerable to fire.
The gnoll hits you but does no damage. The gnoll barely misses you.
You closely miss the gnoll.
The gnoll is severely wounded.
The gnoll hits you with a +0 club.
The gnoll hits you from afar with a +0 spear.
You barely miss the gnoll.
The gnoll is severely wounded.
The gnoll hits you but does no damage.
The gnoll hits you from afar with a +0 spear!
* * * LOW HITPOINT WARNING * * *
The gnoll hits you from afar with a +0 spear.
You die...

...# #.# #.# ####
#.# #.# # #.# #.# #
#.####.####### #
#............. #
#.####.###### ###
#.# #)# ..#
#.####.########.###
#.#
#.#........@ggg....
#.#
#.#############.#..
#.####.####
#.#.......#
#.##.###.##
#.##.##...#
#..#.###.## #..#.#
#.# ##.#.###.#


You could see 3 gnolls.

Vanquished Creatures
  An adder (D:3)
  A worm (D:2)
  An orc (D:3)
  5 ball pythons (D:1)
  2 endoplasms
  A giant cockroach (D:1)
  4 goblins (D:1)
  5 hobgoblins
  2 kobolds
  3 bats
  3 frilled lizards (D:2)
  4 rats
32 creatures vanquished.

Notes
Turn   | Place    | Note
-------+----------+-------------------------------------------
     0 | D:1      | sampeng1 the Human Cinder Acolyte began the quest for the
                  | Orb.
     0 | D:1      | Reached XP level 1. HP: 18/18 MP: 2/2
   192 | D:1      | Reached XP level 2. HP: 24/24 MP: 3/3
   472 | D:1      | Found a faded altar of an unknown god.
   894 | D:2      | Found Atypnue's Weapon Emporium.
   899 | D:2      | Found Ihiest's Weapon Boutique.
   905 | D:2      | Reached XP level 3. HP: 22/29 MP: 5/5
   925 | D:2      | Learned a level 2 spell: Scorch
  1023 | D:2      | Found Ybrudual's Armour Boutique.
  1073 | D:2      | Found Diegy's Antique Armour Emporium.
  1109 | D:2      | Found Xollij's General Store.
  1973 | D:3      | Slain by a gnoll

Illustrated notes

Levels and vault maps discovered:
D:1:      nicolae_arrival_washed_ashore, layout_basic,
          shapermc_ecumenical_altar_ellora
D:2:      layout_loops_ring, serial_shops, shop, shop_fountains,
          nicolae_shop_rolling_square, nicolae_shop_pleasant_corner_grove,
          nicolae_diamond_shop
D:3:      layout_loops_ring, grunt_decor_fettered

Action                     || total
---------------------------++-------
  Melee: Mace              ||   119
         Punch             ||     1
   Cast: Scorch            ||     4
    Use: Scroll            ||     4
 Armour: Robe              ||    26
         Leather armour    ||    11
  Dodge: Dodged            ||    75
